 Dungeon Crawl Stone Soup version bcrawl-1.13.1 (webtiles) character file.

Game seed: 12108667625156735291

840 Flugkiller the Conjurer (level 7, 0/42 HPs)
             Began as a Skeleton Wizard on Aug 5, 2019.
             Was a Follower of Vehumet.
             Slain by an ice beast (2 damage)
             ... on level 4 of the Dungeon.
             The game lasted 00:12:00 (7571 turns).

Flugkiller the Conjurer (Skeleton Wizard)           Turns: 7571, Time: 00:12:01

Health: 0/42       AC:  4    Str: 11 (14) XL:     7   Next: 67%
Magic:  0/14       EV: 12    Int: 18      God:    Vehumet [*.....]
Gold:   250        SH:  0    Dex:  6 (7)  Spells: 7/16 levels left

rFire    . . .     SeeInvis .   a - +0 staff
rCold    + . .     Gourm    .   (no shield)
rNeg     + + +     Faith    .   b - +0 robe
rPois    ∞         Spirit   +   f - +0 helmet
rElec    .         Reflect  .   c - +0 cloak
rCorr    .         Harm     .   (no gloves)
MR       +....                  (no boots)
Stlth    ++........             (no amulet)
HPRegen  0.14/turn              (no ring)
MPRegen  0.14/turn              (no ring)

@: no status effects
A: no food or potions, cold resistance 1, deterioration 1, negative energy
resistance 3, powered by death 1, torment resistance, unbreathing, magic shield,
sturdy frame 1, spell healing
a: Renounce Religion


You were on level 4 of the Dungeon.
You worshipped Vehumet.
Vehumet was aware of your devotion.
You were not hungry.

You visited 1 branch of the dungeon, and saw 6 of its levels.
You also visited: Sewer.

You collected 250 gold pieces.

Inventory:

Hand Weapons
 a - a +0 staff (weapon)
Armour
 b - a +0 robe (worn)
 c - a +0 cloak (worn)
 f - a +0 helmet (worn)
Scrolls
 d - a scroll of identify
 e - 3 scrolls of remove curse
 h - 2 scrolls of fear
 i - a scroll of enchant armour
 j - 2 scrolls of blinking
 k - a scroll of magic mapping
 l - a scroll of fog


   Skills:
 + Level 3.9 Fighting
 + Level 4.0 Dodging
 - Level 2.4 Stealth
 - Level 5.2 Spellcasting
 + Level 6.5 Conjurations
 - Level 2.0 Summonings
   Level 0.7 Translocations
 - Level 1.0 Fire Magic
 - Level 1.0 Poison Magic
   Level 1.4 Evocations


You had 7 spell levels left.
You knew the following spells:

 Your Spells              Type           Power        Failure   Level  Hunger
a - Magic Dart            Conj           ####         1%          1    N/A
b - Call Imp              Summ           ##......     9%          2    N/A
c - Conjure Flame         Conj/Fire      ###.....     9%          3    N/A
d - Mephitic Cloud        Conj/Pois/Air  ##......     14%         3    N/A

Your spell library contained the following spells:

 Spells                   Type           Power        Failure   Level  Hunger
 Flame Tongue             Conj/Fire      ###..        2%          1    N/A
 Slow                     Hex            #.......     13%         1    N/A
 Blink                    Tloc           N/A          14%         2    N/A

Dungeon Overview and Level Annotations

Branches:
Dungeon (6/12)             Temple (0/1) D:5

Altars:
Ashenzari
Dithmenos
Fedhas
Trog
Uskayaw
Vehumet
Yredelemnul

Annotations:
D:2 2 transporters


Innate Abilities, Weirdness & Mutations

You do not eat or drink.
You are immune to poison.
Your flesh is cold resistant. (rC+)
Your body sometimes deteriorates upon taking damage.
You are immune to negative energy. (rN+++)
You regenerate a little health from kills.
You are immune to unholy pain and torment.
You can survive without breathing.
When hurt, damage is shared between your health and your magic reserves.
Your movements are slightly less encumbered by armour. (ER -2)
Casting spells heals you.


Message History

The ice beast resists with some effort.
The ice beast closely misses you.
Unknown command.
Evoke which item? (* to show all) (? for menu, Esc to quit)
Aiming: Paralyse
Press: ? - help, Shift-Dir - straight line, f/p - ice beast
Aim: an ice beast (almost dead, chance to defeat MR: 50%)
The ice beast resists with some effort.
The now-empty wand crumbles to dust.
The ice beast completely misses you.
You stop training Evocations.
Unknown command.
You aren't carrying any items that you can evoke.
Unknown command.
Casting: Magic Dart (safe; 1% risk of failure)
Confirm with . or Enter, or press ? or * to list all spells.
Aiming: Magic Dart (safe; 1% risk of failure)
Press: ? - help, Shift-Dir - straight line, f/p - ice beast
Aim: an ice beast (almost dead)
The magic dart hits the ice beast.
The ice beast is almost dead.
The ice beast hits you.
You die...

##.....## #..................
#.....#.## #..................
##.....#..# ##.................
##......##.## #.................
##........#..# ##.....)..........
#.........##.#####...............
.....).........####..............
.........>..##.Y.###.............
..........######@...##...........
#.........# ##..####..........
#.........# #..# ###........
..........# ###..### ####....#
.#..[....## #......## ######
##.......# ##.......## #......##
#.........## ##%....#
#..........## ####.##
#...........# #


You could see an ice beast.

Vanquished Creatures
  A phantom (D:5)
  A centaur (D:5)
  A bullfrog (D:6)
  An orc priest (D:4)
  A bullfrog skeleton (D:5)
  2 hounds (D:4)
  2 jellies (D:5)
  Jessica (D:2)
  2 worker ants (D:5)
  Robin (D:2)
  A gnoll (D:4)
  5 adders
  A shadow imp (D:5)
  An ooze (D:2)
  2 worms
  2 dart slugs (D:1)
  5 leopard geckos
  5 orcs
  5 giant cockroaches
  14 goblins
  7 hobgoblins
  3 jackals (Sewer)
  3 quokkas
  6 bats
  7 frilled lizards
  11 kobolds
  A rat (D:1)
  2 plants (Sewer)
94 creatures vanquished.

Vanquished Creatures (collateral kills)
  A bullfrog (D:5)
  A scorpion (D:5)
  2 crimson imps (D:4)
  A hound (D:4)
  2 worker ants
  7 gnolls
  3 adders
  2 worms
  A dart slug (D:3)
  A leopard gecko (D:2)
  An orc (D:3)
  3 ball pythons (Sewer)
  A giant cockroach (D:2)
  A goblin (D:2)
  A hobgoblin (D:3)
  6 jackals
  5 kobolds
  A jackal skeleton (D:5)
  A rat (D:3)
41 creatures vanquished.

Vanquished Creatures (others)
  A plant (Sewer)
1 creature vanquished.

Grand Total: 136 creatures vanquished

Notes
Turn   | Place    | Note
-------+----------+-------------------------------------------
     0 | D:1      | Flugkiller the Skeleton Wizard began the quest for the Orb.
     0 | D:1      | Reached XP level 1. HP: 10/10 MP: 5/5
   255 | D:1      | Reached skill level 1 in Fighting
   318 | D:1      | Reached XP level 2. HP: 16/16 MP: 4/7
   564 | D:1      | Reached skill level 5 in Spellcasting
  1098 | D:1      | Reached XP level 3. HP: 21/21 MP: 0/9
  1255 | D:1      | Learned a level 2 spell: Call Imp
  1259 | D:1      | Learned a level 3 spell: Conjure Flame
  1263 | D:1      | Learned a level 3 spell: Mephitic Cloud
  1347 | D:2      | Noticed Jessica
  1361 | D:2      | Killed Jessica
  1468 | D:2      | Noticed Robin
  1642 | D:2      | Reached XP level 4. HP: 14/26 MP: 2/11
  1723 | D:2      | Reached skill level 1 in Fire Magic
  1843 | D:2      | Killed Robin
  1843 | D:2      | Reached skill level 2 in Conjurations
  1843 | D:2      | Reached skill level 1 in Poison Magic
  2010 | D:2      | Found a shattered altar of Ashenzari.
  2014 | D:2      | Noticed a phantom
  2410 | D:2      | Found a transporter.
  2418 | D:2      | Found a transporter.
  2451 | D:2      | Found a hide-covered altar of Uskayaw.
  2697 | D:3      | Reached skill level 3 in Conjurations
  2781 | D:3      | Found a shadowy altar of Dithmenos.
  2833 | D:3      | Reached XP level 5. HP: 19/30 MP: 0/12
  3371 | D:3      | Reached skill level 4 in Conjurations
  3611 | D:2      | Found a radiant altar of Vehumet.
  3611 | D:2      | Found a basalt altar of Yredelemnul.
  3611 | D:2      | Found a bloodstained altar of Trog.
  3631 | D:2      | Became a worshipper of Vehumet
  3771 | D:4      | Reached skill level 5 in Conjurations
  4004 | D:4      | Gained mutation: You regenerate a little health from kills.
                  | [Skeleton growth]
  4004 | D:4      | Reached XP level 6. HP: 28/35 MP: 2/13
  4118 | D:4      | Found a glowing drain.
  4141 | Sewer    | Entered a sewer
  4445 | Sewer    | Reached * piety under Vehumet
  4445 | Sewer    | Offered knowledge of Flame Tongue by Vehumet.
  5646 | D:5      | Entered Level 5 of the Dungeon
  5965 | D:5      | Found a staircase to the Ecumenical Temple.
  6148 | D:5      | Reached XP level 7. HP: 34/41 MP: 8/14
  6366 | D:5      | Reached skill level 6 in Conjurations
  6448 | D:5      | Found a blossoming altar of Fedhas.
  6901 | D:5      | Reached skill level 1 in Evocations
  7568 | D:4      | HP: 1/42 [ice beast (6)]
  7571 | D:4      | Slain by an ice beast

Skill      XL: |  1  2  3  4  5  6  7 |
---------------+----------------------+-----
Fighting       | 1 2 3 |  3.9
Spellcasting   | 5 |  5.2
Fire Magic     | 1 |  1.0
Conjurations   | 3 5 6 |  6.5
Poison Magic   | 1 |  1.0
Summonings     | 2 |  2.0
Dodging        | 3 4 |  4.0
Evocations     | 1 |  1.4
Stealth        | |  2.4
Translocations | |  0.7

Action                   |  1- 3 |  4- 6 |  7- 9 || total
-------------------------+-------+-------+-------++-------
Melee: Staff             |    52 |   281 |    39 ||   372
 Cast: Magic Dart        |    74 |   145 |    71 ||   290
       Mephitic Cloud    |     1 |     2 |     2 ||     5
       Call Imp          |       |    70 |     2 ||    72
       Conjure Flame     |       |       |     2 ||     2
Evoke: Wand              |       |       |     5 ||     5
  Use: Scroll            |       |     7 |     1 ||     8
Armor: Robe              |    18 |    27 |     8 ||    53
Dodge: Dodged            |    74 |   119 |    41 ||   234
